[Event "*** Titled Tuesday Blitz"]
[Site "Chess.com"]
[Date "2020.04.07"]
[Round "3"]
[White "shanemelaughcm"]
[Black "MaxVavulin"]
[Result "0-1"]
[WhiteElo "2277"]
[BlackElo "2575"]
[TimeControl "180+1"]
[EndTime "13:30:05 PDT"]
[Termination "MaxVavulin won on time"]

1. e4 g6 2. d4 Bg7 3. Nc3 d6 4. Be3 a6 5. a4 b5 6. axb5 Bb7 7.
bxa6 Nxa6 8. Bc4 Nf6 9. f3 O-O 10. Nge2 Nb4 11. Rxa8 Qxa8 12. O-O d5 13. exd5 Nfxd5 14. Nxd5 Bxd5 15. Bxd5 Qxd5 16. c3 Nc6 17. Nf4 Qd6 18. Nd3 e6 19. Qd2 Rb8 20. b4 Ne7 21.
Ra1 Nd5 22. Bf2 Qc6 23. Nc5 Rd8 24. Ra6 Qb5 25. Ra5 Qc4 26. Qd3 Qxc3 27. Qxc3 Nxc3 28. Ra7 Nb5 29. Rb7 Nxd4 30. Rxc7 Ra8 31. Nd3 Ra1+ 32. Ne1 Be5 33. Rc5 Bf6 34. Rc8+ Kg7 35. Bxd4 Bxd4+ 36. Kf1 Rb1 37. Rc4 Be5 38. Ke2 Bxh2 39. Nd3 Bg3 40. Ke3 h5 41. Kd4 Bd6 42. Kc3 Rg1 43. Rc6 Bg3 44.
b5 Rxg2 45. b6 Rg1 46. b7 Rb1 47. Nb2 Be5+ 48. Kc2 Rxb2+ 0-1

[Event "*** Titled Tuesday Blitz"]
[Site "Chess.com"]
[Date "2020.04.07"]
[Round "3"]
[White "aloe_normansen"]
[Black "bait_or_mate"]
[Result "0-1"]
[WhiteElo "2167"]
[BlackElo "2519"]
[TimeControl "180+1"]
[EndTime "13:30:05 PDT"]
[Termination "bait_or_mate won by checkmate"]

1. e4 c5 2. Nf3 e6 3. d4 cxd4 4. Nxd4 Nc6 5. Nc3 Qc7 6. g3 a6 7.
Bg2 Nf6 8. O-O h5 9. h3 Bc5 10. Be3 Ne5 11. Qe2 Ba7 12. Rad1 O-O 13. Kh1 Nc4 14. Bc1 d6 15. b3 Na5 16. Bb2 Nc6 17.
Nxc6 bxc6 18. Na4 e5 19. c4 h4 20. g4 Nh7 21. Bc1 g5 22. Nb2 Bd4 23. Nd3 c5 24. Ne1 f6 25. Nc2 a5 26. Ne3 Be6 27. Nd5 Qb7 28.
Be3 Rf7 29. Bxd4 cxd4 30. f3 Nf8 31. Qd3 Nd7 32. f4 gxf4 33. Nxf4 exf4 34. e5 Qb8 35.
Bxa8 Qxa8+ 36. Kh2 Nxe5 37. Qxd4 Nf3+ 38. Rxf3 Qxf3 39.
Qxd6 Qg3+ 40. Kh1 Qxh3+ 41. Kg1 Qxg4+ 42. Kf2 Qg3+ 43. Ke2 Qe3+ 44. Kf1 Bh3# 0-1

[Event "*** Titled Tuesday Blitz"]
[Site "Chess.com"]
[Date "2020.04.07"]
[Round "3"]
[White "Konavets"]
[Black "AttilaTurzo"]
[Result "1-0"]
[WhiteElo "3018"]
[BlackElo "2495"]
[TimeControl "180+1"]
[EndTime "13:30:06 PDT"]
[Termination "Konavets won by resignation"]

1. d4 Nf6 2. c4 e6 3. Nc3 Bb4 4. e3 b6 5. Bd2 O-O 6. Nf3 Bxc3 7.
Bxc3 Ne4 8. Bb4 c5 9. Bd3 Nxf2 10. Kxf2 cxb4 11. h4 h6 12. Rh3 f5 13. Ne5 Nc6 14.
Ng6 Rf6 15. Rg3 Rxg6 16. Rxg6 Qxh4+ 17. Rg3 Nxd4 18. Qh1 Qxh1 19. Rxh1 Nc6 20. Rxh6 Ne5 21. Be2 Bb7 22. Rh4 Be4 23. Rh1 Rc8 24. b3 a5 25.
Rgh3 Kf7 26. Bf3 d5 27. Bxe4 dxe4 28. Rh8 Nd3+ 29. Ke2 Rxh8 30. Rxh8 Nc1+ 31. Kd2 Nxa2 32. Rb8 e5 33. Rxb6 f4 34. c5 f3 35. gxf3 exf3 36.
e4 Nc3 37. Ke3 a4 38. Rb7+ Ke6 39. bxa4 Nxa4 40. c6 Kd6 41. Rxb4 Nc5 42. Kxf3 Kxc6 43. Rb1 Ne6 44. Rg1 Kd6 45. Ke3 Ke7 46. Rf1 g6 47. Kd3 Nf4+ 48. Ke3 Kf6 49. Rg1 g5 50. Kf3 Kg6 51.
Kg4 Nh5 52. Rf1 Nf6+ 53. Kf3 g4+ 54. Ke3 Nh5 55. Rf5 g3 56. Kf3 Ng7 57. Rxe5 Kf6 58. Ra5 Ne6 59. Kxg3 Ng5 60. Kf4 Ne6+ 61. Ke3 Ke7 62. e5 Kd7 63. Ke4 Ke7 64. Ra7+ Kd8 65. Kd5 Nc7+ 66. Rxc7 Kxc7 67. Ke6 Kd8 68. Kf7 Kd7 69. e6+ 1-0

[Event "*** Titled Tuesday Blitz"]
[Site "Chess.com"]
[Date "2020.04.07"]
[Round "3"]
[White "Bambi2006"]
[Black "ajkom197"]
[Result "0-1"]
[WhiteElo "2480"]
[BlackElo "2307"]
[TimeControl "180+1"]
[EndTime "13:30:06 PDT"]
[Termination "ajkom197 won by resignation"]

1. d4 d5 2. Nf3 Nf6 3. c4 c6 4. g3 Bf5 5. Bg2 e6 6. O-O Be7 7. Qb3 Qb6 8. c5 Qxb3 9. axb3 Bxb1 10. Rxb1 O-O 11. Bf4 Nbd7 12. b4 a6 13. Nd2 Rfe8 14. Nb3 Bd8 15. Ra1 Rc8 16. Rfd1 e5 17. dxe5 Nxe5 18.
Nd4 Bc7 19. Nf5 g6 20. Nd4 Kg7 21. Bh3 Rcd8 22. Kf1 Re7 23. Rac1 h6 24. Rc3 Neg4 25. Bxc7 Rxc7 26. Kg1 Re8 27. Rf3 h5 28. Bg2 Rce7 29.
h3 Ne5 30. Re3 Nc4 31. Rxe7 Rxe7 32. e3 Nxb2 33. Ra1 Nd3 34. Ra4 Ne4 35. Ra2 Nxb4 36. Ra4 Nd3 37. Ra2 Ndxc5 38. Ra3 Ne6 39. Nf3 Rc7 40.
Rd3 Nf6 41. Ne5 c5 42. g4 hxg4 43. hxg4 c4 44. Rc3 b5 45. g5 Ne4 46. Rc1 N6xg5 47.
f3 Nd2 48. Rc2 f6 49. Rxd2 fxe5 50. Rxd5 c3 51. Rd1 e4 52. fxe4 c2 53. Rc1 Kf6 54. Bf1 Nxe4 55. Bd3 Ke5 56. Rxc2 Rxc2 57. Bxc2 g5 58.
Kf1 a5 59. Ke2 a4 60. Kf3 Nc5 61. Ke2 a3 62. Kd2 b4 63. Bb1 g4 0-1

[Event "*** Titled Tuesday Blitz"]
[Site "Chess.com"]
[Date "2020.04.07"]
[Round "3"]
[White "SoltaniciR"]
[Black "ChadaevNikolay"]
[Result "0-1"]
[WhiteElo "2646"]
[BlackElo "2907"]
[TimeControl "180+1"]
[EndTime "13:30:07 PDT"]
[Termination "ChadaevNikolay won by resignation"]

1. e4 c5 2. Nf3 e6 3. d4 cxd4 4.
Nxd4 a6 5. Nc3 b5 6. Bd3 Qb6 7. Nb3 Qc7 8. O-O Bb7 9. Be3 Nf6 10. f4 d6 11. e5 Nd5 12. Nxd5 Bxd5 13. f5 Nc6 14.
fxe6 Bxe6 15. Qf3 Rc8 16. exd6 Bxd6 17. Qh5 Ne5 18. Nd4 Bg4 19. Qh4 Be7 20. Qg3 h5 21. h3 Nxd3 22. Qxc7 Rxc7 23. cxd3 Bd7 24. Nf5 Bxf5 25.
Rxf5 O-O 26. Rxh5 Bf6 27. d4 Re8 28. Bf4 Bxd4+ 29. Kh2 Rc2 30. Rd1 Bxb2 31. Rd6 Rc4 32. Bg3 Ra4 33. Rf5 Bf6 34. Rc5 Ra3 35. Rd7 Rxa2 36.
Rcc7 Ree2 37. Rxf7 Rxg2+ 0-1

[Event "*** Titled Tuesday Blitz"]
[Site "Chess.com"]
[Date "2020.04.07"]
[Round "3"]
[White "WelshTiger"]
[Black "Treacherous_horse64"]
[Result "0-1"]
[WhiteElo "2398"]
[BlackElo "2180"]
[TimeControl "180+1"]
[EndTime "13:30:07 PDT"]
[Termination "Treacherous_horse64 won by checkmate"]

1. e4 c6 2. d4 d5 3. Nd2 dxe4 4. Nxe4 Nd7 5. Ng5 Ngf6 6. Bd3 e6 7. Qe2 Bd6 8. N1f3 h6 9. Ne4 Nxe4 10. Qxe4 Nf6 11. Qh4 Ke7 12. Nd2 g5 13. Qh3 e5 14.
Qe3 Nd5 15. Qf3 exd4 16. O-O Kf8 17. Nc4 Kg7 18. Qe4 Nf6 19. Qe2 Re8 20. Qd1 Bc7 21.
h4 b5 22. hxg5 hxg5 23. Nd2 Rh8 24. g3 Qd5 25. Qf3 Qxf3 26. Nxf3 g4 27. Nxd4 c5 28. Nf5+ Bxf5 29. Bxf5 Rh5 30. Bd3 Rah8 31. f4 c4 32. Be2 Bb6+ 33. Kg2 Rh2# 0-1

[Event "*** Titled Tuesday Blitz"]
[Site "Chess.com"]
[Date "2020.04.07"]
[Round "3"]
[White "TST2014"]
[Black "SPEEDSKATER"]
[Result "0-1"]
[WhiteElo "2531"]
[BlackElo "2791"]
[TimeControl "180+1"]
[EndTime "13:30:08 PDT"]
[Termination "SPEEDSKATER won by checkmate"]

1. d4 d5 2. c4 c6 3. Nf3 Nf6 4. Nc3 a6 5. e3 Bf5 6. Bd3 Bg6 7. Ne5 e6 8. O-O Nbd7 9. f4 Bb4 10. a3 Bxc3 11. bxc3 Bxd3 12. Qxd3 O-O 13. a4 Ne4 14. Ba3 Re8 15. Rab1 f6 16. Nf3 Nb6 17. cxd5 exd5 18. a5 Nc4 19. Bb4 b6 20. axb6 Qxb6 21. Ba3 Qc7 22.
Bc5 a5 23. Rfe1 a4 24. Bb4 a3 25. Ra1 Qd7 26. h3 Nb2 27. Qc2 Nc4 28. Qd3 Qf5 29.
g4 Qd7 30. Kg2 h5 31. f5 Qc7 32.
Kf1 Qg3 33. Qe2 Ned2+ 34. Nxd2 Nxe3+ 35. Qxe3 Rxe3 36. Rxe3 Qxe3 37. Ra2 Qxh3+ 38. Kf2 Qxg4 39. Nf3 Qxf5 40. Rxa3 Rxa3 41. Bxa3 Qc2+ 42. Kg3 Qxc3 43.
Bc5 g5 44. Kf2 Kf7 45. Ke2 h4 46. Ne1 g4 47. Nd3 h3 48. Nf2 h2 49. Nxg4 h1=Q 50.
Nf2 Qc2+ 51. Ke3 f5 52. Kf4 Qxf2+ 53. Ke5 Qhe1+ 54. Kd6 f4 55. Kxc6 Qf3 56. Kd6 Qfe4 57. Kc6 Qa5 58. Kd6 Qe6# 0-1

[Event "*** Titled Tuesday Blitz"]
[Site "Chess.com"]
[Date "2020.04.07"]
[Round "3"]
[White "Shield12"]
[Black "suyu28"]
[Result "1-0"]
[WhiteElo "2929"]
[BlackElo "2489"]
[TimeControl "180+1"]
[EndTime "13:30:08 PDT"]
[Termination "Shield12 won on time"]

1. e4 e5 2. Nf3 Nc6 3. Bb5 a6 4. Ba4 Nf6 5. O-O b5 6. Bb3 Be7 7. d3 d6 8. a3 O-O 9. Nc3 Bg4 10.
Be3 Nd4 11. Bxd4 exd4 12. Nd5 c6 13. Nxe7+ Qxe7 14. h3 Bxf3 15. Qxf3 Nd7 16. Qg3 Nc5 17. Ba2 Kh8 18. f4 a5 19. f5 Qf6 20. Rae1 Na4 21. b4 Nc3 22. Bb3 a4 23. Bxf7 Rxf7 24. e5 dxe5 25.
Rxe5 Nd5 26. Re6 Qd8 27. Rxc6 Ne3 28. Rf4 Qd5 29. Rc5 Qa2 30. Qf3 Raf8 31. Kh2 Qa1 32.
c3 Nc2 33. Qh5 h6 34. Rc6 Rf6 35. Rc7 Ne3 36. Qf3 Nxf5 37. Qg4 1-0

[Event "*** Titled Tuesday Blitz"]
[Site "Chess.com"]
[Date "2020.04.07"]
[Round "3"]
[White "AndrewDGreen"]
[Black "tamarozi99"]
[Result "1-0"]
[WhiteElo "2327"]
[BlackElo "1924"]
[TimeControl "180+1"]
[EndTime "13:30:08 PDT"]
[Termination "AndrewDGreen won by resignation"]

1. d4 Nf6 2. Nf3 g6 3. Nc3 d5 4.
Bf4 Bg7 5. e3 a6 6. Be2 O-O 7. Ne5 Nbd7 8. h4 h5 9. f3 c5 10. Qd2 b5 11. g4 b4 12. Na4 Qa5 13. b3 c4 14. g5 Ne8 15. Nc6 Qb5 16. Nxe7+ Kh7 17. e4 c3 18. Qe3 Qa5 19. Nc6 Qxa4 20. bxa4 dxe4 21. fxe4 a5 22. Bc4 Nb6 23. Bb3 Bd7 24. Ne5 Bxa4 25. d5 Bxb3 26. axb3 Nc8 27. Qc5 Ned6 28. Rxa5 Rxa5 29. Qxa5 Nxe4 30. Qxb4 Ncd6 31.
Nd3 Re8 32. O-O Nf5 33. d6 Bd4+ 34. Kg2 Nxh4+ 35. Kh3 Nf5 36. d7 Rd8 37. Qb7 f6 38. Qxe4 fxg5 39. Bxg5 Rxd7 40. Rxf5 1-0

[Event "*** Titled Tuesday Blitz"]
[Site "Chess.com"]
[Date "2020.04.07"]
[Round "3"]
[White "anon219"]
[Black "korbul"]
[Result "1-0"]
[WhiteElo "2810"]
[BlackElo "2570"]
[TimeControl "180+1"]
[EndTime "13:30:09 PDT"]
[Termination "anon219 won by resignation"]

1. e4 c5 2. Nf3 e6 3. d4 cxd4 4. Nxd4 a6 5. c4 Qc7 6. Nc3 Nf6 7. a3 b6 8. Be3 Bb7 9. f3 h5 10. Be2 h4 11. Qd2 Nc6 12. Rc1 Ne5 13. h3 Nh5 14. f4 Ng3 15. Rg1 Nxe2 16. Qxe2 Nxc4 17. Ncb5 axb5 18. Nxb5 Qc6 19. Qxc4 Rc8 20. Qxc6 Rxc6 21. Rxc6 Bxc6 22. Nc7+ Kd8 23. Bxb6 Kc8 24. Ne8 Be7 25. Nxg7 Rh7 26. Bd4 d6 27. Kd2 Bf8 28. Rc1 Kb7 29.
Rxc6 Kxc6 30. Ne8 d5 31. exd5+ Kxd5 32. Nf6+ Kxd4 33. Nxh7 Be7 34. Ng5 e5 35. Nf3+ Ke4 36. fxe5 Bc5 37. Nxh4 Kxe5 38. Nf3+ Kf4 39. b4 Be7 40.
Kc3 Kg3 41. Ne5 f5 42. Ng6 Bd6 43. a4 Kxg2 44. h4 f4 45. h5 f3 46. Nh4+ Kg3 47.
Nxf3 Kxf3 48. a5 Ke4 49. h6 Kd5 50. h7 Be5+ 51. Kb3 Kc6 52. Kc4 Bh8 53. b5+ Kb7 54. Kc5 Bc3 55. a6+ Ka7 56. Kc6 Bd4 57. Kd5 Bh8 58. Ke6 Kb6 59. Kf7 1-0

[Event "*** Titled Tuesday Blitz"]
[Site "Chess.com"]
[Date "2020.04.07"]
[Round "3"]
[White "Taron_Shagbazyan"]
[Black "TwentyHoursADay"]
[Result "0-1"]
[WhiteElo "2682"]
[BlackElo "2470"]
[TimeControl "180+1"]
[EndTime "13:30:09 PDT"]
[Termination "TwentyHoursADay won by resignation"]

1. d4 Nf6 2. c4 d6 3. Nc3 e5 4.
Nf3 Nbd7 5. e4 g6 6. h3 Bg7 7. Be3 O-O 8. Qd2 Re8 9. d5 Nh5 10. g3 Nc5 11. b4 Na6 12. a3 f5 13. Rc1 Bd7 14. Bg2 f4 15. gxf4 Nxf4 16. Bxf4 exf4 17. Qxf4 Qe7 18. O-O Rf8 19. Qe3 Rae8 20. Nd4 Qh4 21. Nce2 Bh6 22. f4 g5 23. f5 g4 24. Qd3 Bxc1 25.
Rxc1 gxh3 26. Qxh3 Qxh3 27. Bxh3 Rxe4 28. Bg2 Rg4 29. Rf1 Kf7 30. Kf2 Rfg8 31. Bf3 Rh4 32. Rc1 Rh2+ 33. Ke3 Nb8 34. Nf4 c5 35. bxc5 dxc5 36.
Nde6 b6 37. Re1 Be8 38. Nd3 Nd7 39. Kf4 Rh4+ 40. Ke3 Kf6 41. Rf1 Rh3 42. Ndf4 Rh2 43. Nh5+ Bxh5 44. Be4 Rg3+ 45. Kf4 Rhh3 46. Bf3 Rxf3+ 47.
Rxf3 Rxf3+ 48. Ke4 Rxf5 0-1

[Event "*** Titled Tuesday Blitz"]
[Site "Chess.com"]
[Date "2020.04.07"]
[Round "3"]
[White "AndreyNeves"]
[Black "Cukiero"]
[Result "0-1"]
[WhiteElo "2182"]
[BlackElo "2521"]
[TimeControl "180+1"]
[EndTime "13:30:09 PDT"]
[Termination "Cukiero won by resignation"]

1. d4 g6 2. c4 Bg7 3. Nc3 Nf6 4. e4 O-O 5. Be2 d6 6. Bg5 c5 7. d5 a6 8. Qd2 Bd7 9. h4 b5 10. f3 Nh5 11. g4 Ng3 12. Rh2 b4 13. Nd1 Nxe2 14. Nxe2 Ra7 15. Bh6 e6 16. Bxg7 Kxg7 17. h5 g5 18. h6+ Kg8 19. Rh5 f6 20. dxe6 Bxe6 21. b3 Nc6 22. Ne3 Ne5 23. Rh3 a5 24. Nf5 a4 25. Rb1 axb3 26. axb3 Bxf5 27. gxf5 Qe7 28.
f4 gxf4 29. Nxf4 Kh8 30. Rg3 Nxc4 31. Qg2 Qe5 32. Ne6 Ra2 33. Qxa2 Qxg3+ 34. Qf2 Qc3+ 35.
Kf1 Nd2+ 36. Qxd2 Qxd2 37. Re1 Rg8 38. Re2 Rg1+ 39. Kxg1 Qxe2 40. Nf4 Qe3+ 41. Kg2 Qxf4 42. e5 Qxe5 43. Kf3 d5 0-1

[Event "*** Titled Tuesday Blitz"]
[Site "Chess.com"]
[Date "2020.04.07"]
[Round "3"]
[White "W_Amadeus"]
[Black "MasterKroket"]
[Result "1-0"]
[WhiteElo "2746"]
[BlackElo "2464"]
[TimeControl "180+1"]
[EndTime "13:30:10 PDT"]
[Termination "W_Amadeus won on time"]

1. e4 c5 2. Nf3 e6 3. d4 cxd4 4. Nxd4 Nc6 5. Nc3 Qc7 6. Be3 a6 7. a3 Nf6 8. f4 h5 9. Qf3 Ng4 10.
Bg1 Nxd4 11. Bxd4 Bc5 12. Bxc5 Qxc5 13. h3 Ne3 14. Bd3 b5 15. e5 Qa7 16. Ne4 Nf5 17. g4 hxg4 18. hxg4 Rxh1+ 19. Qxh1 Qe3+ 20. Kd1 d5 21. gxf5 dxe4 22. Qxe4 Qg1+ 23. Kd2 Qf2+ 24. Kc3 Rb8 25. Qd4 Qxd4+ 26. Kxd4 exf5 27. Rh1 g6 28. Rh8+ Kd7 29. b4 Rb7 30. c4 bxc4 31. Bxc4 Rc7 32. Bxf7 g5 33. fxg5 Ke7 34. g6 Bb7 35. Re8+ Kd7 36.
e6+ Kd6 37. g7 1-0

[Event "*** Titled Tuesday Blitz"]
[Site "Chess.com"]
[Date "2020.04.07"]
[Round "3"]
[White "Keaton87"]
[Black "SavelievAlexei"]
[Result "0-1"]
[WhiteElo "2622"]
[BlackElo "2425"]
[TimeControl "180+1"]
[EndTime "13:30:10 PDT"]
[Termination "SavelievAlexei won on time"]

1. d4 Nf6 2. Bg5 Ne4 3. Bf4 d5 4. f3 Nf6 5. e4 e6 6. e5 Nfd7 7.
Be3 c5 8. c3 Nc6 9. f4 Qb6 10.
Qd2 f6 11. Nf3 Be7 12. Bd3 f5 13. O-O O-O 14. h3 Rd8 15. g4 g6 16. Kg2 Qa5 17. Ng5 Nf8 18. Qf2 cxd4 19. cxd4 Nb4 20. Qd2 Qb6 21.
Be2 Bd7 22. Nc3 Rac8 23. h4 a6 24. h5 Bb5 25. hxg6 Nxg6 26. Rh1 Bxg5 27. fxg5 f4 28. Bf2 Bxe2 29. Qxe2 Rf8 30. Qf3 Nc2 31. Rad1 Qxb2 32. Ne2 Ne3+ 33. Kh3 Nxd1 34. Rxd1 Rc2 35. Re1 Qxa2 36.
Qd3 Rb2 37. Nc1 Qc4 38. Qf3 a5 39. Rh1 a4 40. Kg2 Qxd4 41. Nd3 Rd2 42. Qh3 Rf7 0-1

[Event "*** Titled Tuesday Blitz"]
[Site "Chess.com"]
[Date "2020.04.07"]
[Round "3"]
[White "vinniethepooh"]
[Black "jonaszmb"]
[Result "1-0"]
[WhiteElo "2624"]
[BlackElo "2402"]
[TimeControl "180+1"]
[EndTime "13:30:11 PDT"]
[Termination "vinniethepooh won by resignation"]

1. d4 d5 2. c4 Bf5 3. cxd5 Bxb1 4. Qa4+ c6 5. dxc6 Nxc6 6. Rxb1 e5 7. a3 Qxd4 8. Qxd4 Nxd4 9. e3 Nc6 10. Bb5 O-O-O 11. Bxc6 bxc6 12. Nf3 f6 13. Bd2 Kb7 14. Bc3 Bc5 15. Ke2 Ne7 16. e4 Bb6 17. Rhd1 c5 18.
Nd2 Nc6 19. Nc4 Nd4+ 20. Bxd4 cxd4 21. Kd3 Rhe8 22. b4 Re7 23. a4 f5 24. Re1 f4 25. a5 Bc7 26. b5 a6 27. f3 g5 28. Rb3 axb5 29. Rxb5+ Ka6 30. Rc5 g4 31. Rb1 gxf3 32. gxf3 Rg8 33. Rc6+ Ka7 34. a6 Bd8 35.
Nd6 Reg7 36. Nc8+ Ka8 37. a7 Rb7 38. Rxb7 Kxb7 39. Ra6 Ka8 40. Nd6 Bc7 41. Nb5 Rg7 42. Rc6 Bd8 43. Rc8+ 1-0

[Event "*** Titled Tuesday Blitz"]
[Site "Chess.com"]
[Date "2020.04.07"]
[Round "3"]
[White "Sn00pPawn"]
[Black "Leo_C"]
[Result "0-1"]
[WhiteElo "1845"]
[BlackElo "2321"]
[TimeControl "180+1"]
[EndTime "13:30:11 PDT"]
[Termination "Leo_C won on time"]

1. e4 c5 2. Nf3 Nc6 3. Bb5 d6 4. O-O Bd7 5. Re1 Nf6 6. c3 a6 7. Ba4 b5 8. Bc2 c4 9. d4 cxd3 10. Bxd3 g6 11. h3 Bg7 12. Nbd2 O-O 13. Nf1 Rb8 14. a4 Qc7 15. Ne3 e6 16. Nc2 bxa4 17. Rxa4 Ne5 18. Rxa6 Nxd3 19. Qxd3 Bb5 20. Qxd6 Qc4 21.
Ra7 Nxe4 22. Qf4 Nf6 23. Qxc4 Bxc4 24. Ne5 Bb3 25. Nd4 Bd5 26. c4 Ba8 27. b3 Rfc8 28.
Nxf7 Ne4 29. Nh6+ Bxh6 30. Bxh6 Rb7 31. Rxb7 Bxb7 32. Nxe6 Rb8 33. Nc5 Nxc5 34. b4 Nd3 35. Rb1 Be4 36. b5 Nc5 37. Re1 Bd3 38. Be3 Nb3 0-1

[Event "*** Titled Tuesday Blitz"]
[Site "Chess.com"]
[Date "2020.04.07"]
[Round "3"]
[White "Perecke"]
[Black "mc4chess"]
[Result "0-1"]
[WhiteElo "2142"]
[BlackElo "2369"]
[TimeControl "180+1"]
[EndTime "13:30:12 PDT"]
[Termination "mc4chess won on time"]

1. e4 c5 2. Nf3 e6 3. d4 cxd4 4. Nxd4 a6 5. c4 Nf6 6. Bd3 Qc7 7. O-O h5 8. Nc3 Bc5 9. Nce2 Nc6 10. Nxc6 dxc6 11. Bg5 Ng4 12. g3 Qb6 13. Qe1 Ne5 14. Qc3 f6 15. Bf4 Ng4 16. Qe1 e5 17. Bd2 Be6 18. b4 Be7 19. c5 Qd8 20. Bc2 h4 21. f3 Nh6 22. g4 Nf7 23. Rd1 Qc7 24. Be3 a5 25. a3 axb4 26. axb4 g5 27. Qc3 O-O 28. Bb3 Ra3 29. Rb1 Rd8 30. Qc2 Bxb3 31. Rxb3 Rxb3 32. Qxb3 Qd7 33. Qc2 Qd3 34. Qxd3 Rxd3 35.
Bf2 Rb3 36. Be1 Nd8 37. Rf2 Ne6 0-1

[Event "*** Titled Tuesday Blitz"]
[Site "Chess.com"]
[Date "2020.04.07"]
[Round "3"]
[White "almaguerjm"]
[Black "MikeSailer"]
[Result "1/2-1/2"]
[WhiteElo "2331"]
[BlackElo "2048"]
[TimeControl "180+1"]
[EndTime "13:30:13 PDT"]
[Termination "Game drawn by repetition"]

1. d4 d5 2. Nf3 Bf5 3. c4 e6 4. Nc3 Nc6 5. cxd5 exd5 6. a3 Nf6 7. Bg5 Be7 8. e3 h6 9. Bh4 Ne4 10. Bxe7 Nxe7 11. Qb3 Rb8 12. Ne5 O-O 13. Be2 c6 14.
O-O Nd2 15. Qb4 Nxf1 16. Rxf1 Ng6 17. f4 Nxe5 18. fxe5 Be4 19. Nxe4 dxe4 20. Rf4 Qb6 21. Qxb6 axb6 22. Rxe4 b5 23. Rf4 Rbe8 24. Bd1 g6 25. Bb3 Kg7 26. Rf6 c5 27. Kf2 cxd4 28. exd4 Rd8 29.
Ke3 Rc8 30. Rb6 Rc1 31. Rxb5 Re1+ 32. Kd3 Rg1 33. Bd5 Rd8 34. a4 b6 35. b4 Rd1+ 36.
Ke3 Re1+ 37. Kf2 Ra1 38. Bb3 Rxd4 39. Rxb6 Rd2+ 40. Ke3 Rxg2 41. Bd5 Rxh2 42. Rb7 Rh4 43. Rxf7+ Kh8 44. Rf8+ Kg7 45. Rf7+ Kh8 46. Rb7 Rxa4 47. b5 Ra3+ 48. Kf2 Rh2+ 49. Kg1 Rd2 50. Rb8+ Kg7 51.
Rb7+ Kh8 52. Rb8+ Kg7 53. Rb7+ Kh8 1/2-1/2

[Event "*** Titled Tuesday Blitz"]
[Site "Chess.com"]
[Date "2020.04.07"]
[Round "3"]
[White "BogdanDeac"]
[Black "mbachez"]
[Result "1-0"]
[WhiteElo "2604"]
[BlackElo "2353"]
[TimeControl "180+1"]
[EndTime "13:30:14 PDT"]
[Termination "BogdanDeac won by checkmate"]

1. Nf3 Nf6 2. c4 c6 3. d4 d5 4. g3 dxc4 5. Bg2 Bf5 6. Nc3 g6 7. Ne5 Bg7 8. Nxc4 O-O 9. O-O Be6 10. b3 Nbd7 11. Bb2 Nb6 12. Na5 Qd7 13. e4 Rfd8 14.
Qc2 Rac8 15. Rad1 h5 16. f3 Ne8 17. Ne2 Nd6 18. a4 Bh6 19. Nf4 Bxf4 20. gxf4 Bh3 21. Rf2 Kh7 22. Kh1 Bxg2+ 23. Rxg2 Qh3 24. Qf2 c5 25.
Rdg1 c4 26. f5 Rg8 27. fxg6+ fxg6 28. bxc4 Nbxc4 29. Nxc4 Nxc4 30. Bc1 Rcf8 31. Qe2 Qe6 32. d5 Qa6 33. Qc2 Ne5 34. f4 Ng4 35. h3 Nh6 36. Qc7 Qf6 37. Bb2 Qxf4 38. Qxe7+ Rf7 39. Qe6 g5 40. Bd4 Rg6 41. Qe8 Qf3 42. Qh8# 1-0

[Event "*** Titled Tuesday Blitz"]
[Site "Chess.com"]
[Date "2020.04.07"]
[Round "3"]
[White "Galileo22"]
[Black "DamianoLew95"]
[Result "1-0"]
[WhiteElo "2342"]
[BlackElo "2578"]
[TimeControl "180+1"]
[EndTime "13:30:14 PDT"]
[Termination "Galileo22 won by resignation"]

1. d4 d5 2. Nf3 Nf6 3. c4 c6 4. Nc3 dxc4 5. a4 Bf5 6. Ne5 Nbd7 7. Nxc4 Nb6 8. Ne5 a5 9. f3 Nfd7 10. Nxd7 Qxd7 11. e4 Bg6 12. Be3 e6 13. d5 Qc7 14.
dxc6 bxc6 15. Qc2 Bb4 16. Be2 Nd5 17. Bd2 O-O 18. O-O Bc5+ 19. Kh1 Ne3 20. Bxe3 Bxe3 21. Bc4 Rfd8 22. Rad1 h5 23. g3 Qb6 24. b3 Bc5 25.
Ne2 Be3 26. Kg2 Kh7 27. f4 Rxd1 28. Rxd1 Qc5 29. Rd7 Kh8 30. Qc3 Bxe4+ 31. Kf1 Bf5 32. Rxf7 Rg8 33. Rxf5 Qxf5 34. Qxe3 Rd8 35. Kf2 h4 36. Qxe6 Qh5 37. g4 Qh7 38. f5 Rf8 39. Nf4 Rf6 40. Qe8+ 1-0

[Event "*** Titled Tuesday Blitz"]
[Site "Chess.com"]
[Date "2020.04.07"]
[Round "3"]
[White "NIGWAPO"]
[Black "dmvlad"]
[Result "1-0"]
[WhiteElo "2586"]
[BlackElo "2312"]
[TimeControl "180+1"]
[EndTime "13:30:14 PDT"]
[Termination "NIGWAPO won by resignation"]

1. e4 c6 2. d4 d5 3. Nc3 dxe4 4. Nxe4 Nd7 5. Nf3 Ngf6 6. Ng3 e6 7. Bd3 Bd6 8. O-O Qc7 9. c3 O-O 10. Re1 b6 11.
Qc2 h6 12. Bd2 c5 13. Rad1 Bb7 14. Ne4 Bf4 15. dxc5 bxc5 16. c4 Bxd2 17. Rxd2 Rad8 18. Red1 Rb8 19. b3 Qc6 20. Nd6 Ba8 21. Nb5 a6 22.
Nc3 Kh8 23. Bf1 Rfe8 24. Rd6 Qb7 25. Qd3 Nf8 26. Ne5 Kg8 27. Na4 Rbc8 28. Nb6 Rb8 29.
Nxa8 Rxa8 30. g3 Qb4 31. Bg2 Ra7 32. Nc6 Qb7 33. Nxa7 Qxa7 34. Rd8 Rxd8 35. Qxd8 a5 36. Qa8 Qb6 37. Rd8 Nh7 38. Be4 g6 39. Qb8 Qb4 40.
Qxb4 axb4 41. Rc8 Nf6 42. Bf3 Nd7 43. Kf1 Kg7 44. Ke2 Kf6 45. Bc6 Ke7 46. f4 Kd6 47.
Bxd7 Nxd7 48. Rh8 h5 49. Ke3 Ke7 50. h3 Kd6 51. g4 hxg4 52. hxg4 Ke7 53. g5 Kd6 54.
Ke4 Ke7 55. Ra8 Kd6 56. Ra6+ Kc7 57. a3 bxa3 58. Rxa3 Kb7 59. Ra1 Kc7 60. Rh1 Kd6 61.
Rd1+ Kc6 62. Kd3 e5 63. Rf1 Kd6 64. f5 gxf5 65. Rxf5 Ke6 66. Ke4 f6 67. g6 Nb6 68.
g7 Kf7 69. Rxf6+ Kxg7 70. Rxb6 1-0

[Event "*** Titled Tuesday Blitz"]
[Site "Chess.com"]
[Date "2020.04.07"]
[Round "3"]
[White "SergioGarciaFuentes"]
[Black "sari07"]
[Result "1-0"]
[WhiteElo "2206"]
[BlackElo "2371"]
[TimeControl "180+1"]
[EndTime "13:30:14 PDT"]
[Termination "SergioGarciaFuentes won on time"]

1. Nf3 d5 2. g3 Nf6 3. Bg2 c6 4. b3 g6 5. Bb2 Bg7 6. c4 O-O 7. O-O Bg4 8. d3 Nbd7 9. Nbd2 Re8 10. h3 Bxf3 11. Nxf3 e5 12. e3 a6 13. Rc1 b5 14.
Qc2 Qe7 15. cxd5 cxd5 16. Qc6 h6 17. d4 e4 18. Ne5 Kh7 19. Nxd7 Qxd7 20. Qxd7 Nxd7 21.
Rc7 Red8 22. Rfc1 Kg8 23. h4 Bf8 24. Bf1 Bd6 25. R7c6 Nb8 26. Rc8 Nd7 27. Rxd8+ Rxd8 28. Rc6 Nb8 29. Rb6 Kf8 30. a4 bxa4 31. bxa4 a5 32. Bc3 Bc7 33. Rb5 Nc6 34. Rc5 Rd6 35. Bb5 Ke7 36. Rxc6 Rxc6 37. Bxc6 Kd6 38. Bb5 Ke7 39. Bb2 Bd6 40. Bc3 Bc7 41. Bb2 Bd6 42. Bc1 Bb4 43. Kf1 1-0

[Event "*** Titled Tuesday Blitz"]
[Site "Chess.com"]
[Date "2020.04.07"]
[Round "3"]
[White "Msb2"]
[Black "ChristopherYoo"]
[Result "1-0"]
[WhiteElo "2932"]
[BlackElo "2659"]
[TimeControl "180+1"]
[EndTime "13:30:15 PDT"]
[Termination "Msb2 won by resignation"]

1. d4 Nf6 2. c4 g6 3. Nc3 d5 4. cxd5 Nxd5 5. e4 Nxc3 6. bxc3 Bg7 7. Bc4 c5 8. Ne2 O-O 9. Be3 Nc6 10. Rc1 cxd4 11.
cxd4 Na5 12. Bd3 Nc6 13. Bb1 Qa5+ 14. Bd2 Qh5 15. Bc3 Rd8 16. O-O b6 17. d5 Ba6 18.
Bd3 Bxd3 19. Qxd3 Bxc3 20. Nxc3 e6 21. Qg3 exd5 22. Nxd5 Rxd5 23. exd5 Nd4 24. Qd3 Ne2+ 25. Kh1 Nxc1 26. Rxc1 Rd8 27. d6 Qf5 28. Qd4 Qd7 29. Rd1 b5 30. h3 Re8 31. Rc1 Rd8 32. Re1 Qc6 33. Rd1 Qd7 34. Qf6 Re8 35. Qc3 Rd8 36.
Kh2 Re8 37. Qc5 Rd8 38. Qc7 a5 39. Qxa5 h5 40. Qc3 Re8 41. Qd4 Rd8 42. Kh1 Re8 43. a3 Rd8 44. Re1 Qxd6 45. Re8+ Kh7 46. Rh8+ Rxh8 47. Qxd6 Re8 48. Qd7 Re1+ 49. Kh2 Kg8 50.
Qxb5 1-0

[Event "*** Titled Tuesday Blitz"]
[Site "Chess.com"]
[Date "2020.04.07"]
[Round "3"]
[White "sergiochess83"]
[Black "Faqade"]
[Result "1/2-1/2"]
[WhiteElo "2844"]
[BlackElo "2621"]
[TimeControl "180+1"]
[EndTime "13:30:16 PDT"]
[Termination "Game drawn by repetition"]

1. e4 c5 2. Nf3 e6 3. d4 cxd4 4. Nxd4 Nc6 5. Nc3 Qc7 6. g3 a6 7. Bg2 Nf6 8. O-O Nxd4 9. Qxd4 Bc5 10. Bf4 d6 11. Qd2 h6 12. Rad1 e5 13. Be3 Bb4 14. Nb5 axb5 15. Qxb4 O-O 16. c3 Ng4 17. Bc1 Rxa2 18.
Rxd6 Be6 19. Rfd1 Ra1 20. h3 Nf6 21. Be3 Rfa8 22. Kh2 Qc4 23. Rxa1 Rxa1 24. Rb6 Qe2 25. Qc5 Qd1 26. f3 Qe2 27. Rxb7 Nxe4 28. fxe4 Bxh3 29. Bf2 Be6 30. g4 Qxg4 31. Qe3 Qh5+ 32.
Kg3 Qg4+ 33. Kh2 Qh5+ 34. Kg3 Rd1 35. Rb8+ Kh7 36. Rxb5 Qg4+ 37. Kh2 Qh5+ 38. Kg3 Qg4+ 39. Kh2 Qh5+ 40. Kg3 1/2-1/2